 Dungeon Crawl Stone Soup version 0.31-a0-150-g89dc3ad700 (webtiles) character file.

Game seed: 14756430897644133299

115 qw the Shooter (level 4, -9/40 HPs)
             Began as a Minotaur Hunter on June 8, 2023.
             Killed from afar by an orc wizard (11 damage)
             ... with a magic dart
             ... on level 3 of the Dungeon.
             The game lasted 00:00:48 (2192 turns).

qw the Shooter (Minotaur Hunter)                    Turns: 2192, Time: 00:00:48

Health: -9/40      AC:  3    Str: 16    XL:     4   Next: 68%
Magic:  3/3        EV: 12    Int:  6    God:
Gold:   194        SH:  0    Dex: 13    Spells: 3/3 levels left

rFire   . . .        Y - +0 shortbow
rCold   . . .        (shield currently unavailable)
rNeg    . . .        c - +0 leather armour
rPois   .            (helmet restricted)
rElec   .            (no cloak)
rCorr   .            (no gloves)
SInv    .            (no boots)
Will    .....        (no amulet)
Stlth   +            (no ring)
HPRegen 0.26/turn    (no ring)
MPRegen 0.08/turn

%: no passive effects
@: no status effects
A: horns 2, retaliatory headbutt, clumsy 1, high MP 1
a: no special abilities


You were on level 3 of the Dungeon.
You visited 1 branch of the dungeon, and saw 3 of its levels.

You collected 194 gold pieces.


Innate Abilities, Weirdness & Mutations

You have a pair of horns on your head.
You reflexively headbutt those who attack you in melee.
You are clumsy. (Dex -2)
You have an increased reservoir of magic. (+10% MP)


   Skills:
 - Level 4.0 Fighting
 + Level 6.0 Ranged Weapons
 - Level 2.1 Dodging
 - Level 0.7 Stealth


You had 3 spell levels left.
You didn't know any spells.
Your spell library was empty.

Inventory:

Hand Weapons
 Y - a +0 shortbow (weapon)
Armour
 c - a +0 leather armour (worn)
 l - a +0 ring mail
Jewellery
 f - a ring of magical power
 i - a +4 ring of protection
Scrolls
 k - a scroll of vulnerability {unknown}
 m - a scroll of brand weapon {unknown}
Potions
 a - a potion of curing {unknown}
 b - a potion of might {unknown}
 d - a potion of mutation
 e - 2 potions of haste
 g - a potion of degeneration {unknown}
 h - a potion of lignification {unknown}
 j - a potion of magic {unknown}

Dungeon Overview and Level Annotations

Branches:
Dungeon (3/15)

Altars:


Message History

You hear some strange, mumbled words.
Something tries to affect you, but you resist.
You shoot an arrow.
You hear some strange, mumbled words.
You are confused.
The orc wizard hits you but does no damage.
The orc wizard closely misses you. The orc wizard barely misses you.
You feel less confused. Something hits you.
The orc wizard points at you and mumbles some strange words.
The puff of flame hits you! The orc barely misses you.
You shoot an arrow. The arrow barely misses the orc wizard.
Something hits you but does no damage.
The orc wizard hits you with a +0 dagger.
The orc closely misses you.
You shoot an arrow. The arrow hits the orc wizard.
The orc wizard is lightly wounded.
You hear some strange, mumbled words.
A magic dart appears from out of thin air!
The magic dart hits you. The orc hits you with a +0 flail.
The orc wizard casts a spell at you. The puff of flame hits you!
You hear some strange, mumbled words.
A puff of flame appears from out of thin air!
The puff of flame misses you. The orc barely misses you.
The orc wizard barely misses you. You furiously retaliate!
You headbutt the orc wizard. You shoot an arrow.
The arrow barely misses the orc wizard.
You hear some strange, mumbled words.
A puff of flame appears from out of thin air!
The puff of flame hits you.
The orc wizard points at you and mumbles some strange words.
You resist with some effort. The orc completely misses you.
You furiously retaliate!
You headbutt the orc, but do no damage. You shoot an arrow.
The arrow barely misses the orc wizard.
You hear some strange, mumbled words.
A magic dart appears from out of thin air!
The magic dart hits you!
You die...

. .# .## $# .. .#
##+## # #. .# ##...##
#.###.#.# ##.....##
#....... ##.......##
##...####.........###
#..{@...'.........+>.
##.oo####.........###
##.## ##.......## ...
##.....## ....
##...## #.....
##'####### #.....
#........ #..... # #
#..#####.
..#.###..#####.


You could see an orc wizard and an orc.

Vanquished Creatures
  4 gnolls (D:3)
  2 adders (D:2)
  A worm (D:2)
  A dart slug (D:1)
  An orc (D:3)
  5 ball pythons
  3 bats
  6 endoplasms
  5 giant cockroaches
  2 goblins
  10 hobgoblins
  2 quokkas
  5 frilled lizards
  3 kobolds
  A rat (D:1)
51 creatures vanquished.

Notes
Turn   | Place    | Note
-------+----------+-------------------------------------------
     0 | D:1      | qw the Minotaur Hunter began the quest for the Orb.
     0 | D:1      | Reached XP level 1. HP: 18/18 MP: 0/0
     0 | D:1      | 0 ||| qw: Version: 0.2-a-119-g7aa9181
     0 | D:1      | 0 ||| qw: Game counter: 2781
     0 | D:1      | 0 ||| qw: Always use a shield: true
     0 | D:1      | 0 ||| qw: God list: Okawaru
     0 | D:1      | 0 ||| qw: Allow faded altars: false
     0 | D:1      | 0 ||| qw: Do Orc after D:15 true
     0 | D:1      | 0 ||| qw: Do second Lair branch before Depths: true
     0 | D:1      | 0 ||| qw: Lair rune preference: random
     0 | D:1      | 0 ||| qw: Plans: Normal
     0 | D:1      | 0 ||| PLANNING D:1-11
    27 | D:1      | 27 ||| FLEEEEING.
    28 | D:1      | 28 ||| FLEEEEING.
    29 | D:1      | 29 ||| FLEEEEING.
   172 | D:1      | Reached XP level 2. HP: 25/25 MP: 1/1
   234 | D:1      | Reached skill level 5 in Ranged Weapons
   515 | D:1      | Reached skill level 3 in Fighting
   723 | D:1      | 723 ||| READING scroll labelled FUPSUM XAEDI.
   726 | D:1      | 726 ||| DROPPING scroll of butterflies.
   772 | D:2      | Reached XP level 3. HP: 28/31 MP: 2/2
  1366 | D:2      | 1366 ||| READING scroll labelled YRAFUPODOHU.
  1367 | D:2      | 1367 ||| READING scroll labelled LEVOUCS ECUDAPS.
  1368 | D:2      | 1368 ||| DRINKING 2 cyan potions.
  1368 | D:2      | Gained mutation: You have an increased reservoir of magic.
                  | (+10% MP) [potion of mutation]
  1368 | D:2      | Gained mutation: You are clumsy. (Dex -2) [potion of
                  | mutation]
  1369 | D:2      | 1369 ||| DRINKING 2 sedimented amethyst potions.
  1502 | D:3      | Reached XP level 4. HP: 38/38 MP: 3/3
  1584 | D:3      | 1584 ||| Stepping ~*~*~tactically~*~*~ (outnumbered).
  1586 | D:3      | 1586 ||| Stepping ~*~*~tactically~*~*~ (outnumbered).
  1599 | D:3      | Reached skill level 6 in Ranged Weapons
  1608 | D:3      | 1608 ||| FLEEEEING.
  1609 | D:3      | 1609 ||| FLEEEEING.
  1610 | D:3      | 1610 ||| FLEEEEING.
  1611 | D:3      | 1611 ||| FLEEEEING.
  1612 | D:3      | 1612 ||| FLEEEEING.
  1613 | D:3      | 1613 ||| FLEEEEING.
  1614 | D:3      | 1614 ||| FLEEEEING.
  1615 | D:3      | 1615 ||| FLEEEEING.
  1616 | D:3      | 1616 ||| FLEEEEING.
  1617 | D:3      | 1617 ||| FLEEEEING.
  1618 | D:3      | 1618 ||| FLEEEEING.
  1619 | D:3      | 1619 ||| FLEEEEING.
  1620 | D:3      | 1620 ||| FLEEEEING.
  1621 | D:3      | 1621 ||| FLEEEEING.
  1622 | D:3      | 1622 ||| FLEEEEING.
  1623 | D:3      | 1623 ||| FLEEEEING.
  1624 | D:3      | 1624 ||| FLEEEEING.
  1625 | D:3      | 1625 ||| FLEEEEING.
  1626 | D:3      | 1626 ||| FLEEEEING.
  1627 | D:3      | 1627 ||| FLEEEEING.
  1628 | D:3      | 1628 ||| FLEEEEING.
  1629 | D:3      | 1629 ||| FLEEEEING.
  1631 | D:3      | 1631 ||| FLEEEEING.
  1632 | D:3      | 1632 ||| FLEEEEING.
  1633 | D:3      | 1633 ||| FLEEEEING.
  1634 | D:3      | 1634 ||| FLEEEEING.
  1635 | D:3      | 1635 ||| FLEEEEING.
  1636 | D:3      | 1636 ||| FLEEEEING.
  1637 | D:3      | 1637 ||| FLEEEEING.
  1638 | D:3      | 1638 ||| FLEEEEING.
  1639 | D:3      | 1639 ||| FLEEEEING.
  1640 | D:3      | 1640 ||| FLEEEEING.
  1641 | D:3      | 1641 ||| STAIRDANCE
  1710 | D:2      | 1710 ||| READING scroll labelled BEAV KYONLUI.
  1779 | D:2      | 1779 ||| DRINKING 2 glowing puce potions.
  1780 | D:2      | 1780 ||| DROPPING potion of enlightenment.
  2190 | D:3      | HP: 7/40 [orc wizard/puff of flame (11)]
  2191 | D:3      | HP: 2/40 [something/puff of flame (5)]
  2192 | D:3      | Killed from afar by an orc wizard

Levels and vault maps discovered:
D:1:      tarquinn_simple_flora_water_c, layout_loops_ring, minmay_tromino_v4_a
D:2:      layout_basic, hangedman_decor_slide_cut
D:3:      layout_loops_corners

Skill      XL: |  1  2  3  4 |
---------------+-------------+-----
Ranged Weapons | 5 6 |  6.0
Fighting       | 3 4 |  4.0
Dodging        | |  2.1
Stealth        | |  0.7

Action                     |  1- 3 |  4- 6 || total
---------------------------+-------+-------++-------
   Fire: Shortbow          |    91 |    47 ||   138
    Use: Scroll            |     3 |     1 ||     4
         Potion            |     2 |     1 ||     3
 Armour: Leather armour    |     6 |     4 ||    10
  Dodge: Dodged            |    24 |    24 ||    48

Table legend:
 A = Non-vault XP
 B = Vault XP
 C = Vault XP percentage of total XP
 D = Non-vault monster count
 E = Vault monster count
 F = Vault count percentage of total count
                 A         B        C        D         E       F
            +---------+---------+-------+---------+---------+-------
      Total |     162 |       3 |   1.8 |      49 |       2 |   3.9
            +---------+---------+-------+---------+---------+-------
        D:1 |      37 |       3 |   7.5 |      19 |       2 |   9.5
        D:2 |      56 |       0 |   0.0 |      20 |       0 |   0.0
        D:3 |      69 |       0 |   0.0 |      10 |       0 |   0.0
            +---------+---------+-------+---------+---------+-------
